 Seeded DCSS version 0.29-a0-96-g93358da (webtiles) character file.

Game seed: 210388575596111802 (custom seed)

287 FredericMitz the Magician (level 5, -2/41 HPs)
             Began as a Demigod Wanderer on Nov 21, 2020.
             Slain by a gnoll (7 damage)
             ... on level 3 of the Dungeon on Feb 11, 2022.
             The game lasted 00:15:41 (3810 turns).

FredericMitz the Magician (Demigod Wanderer)        Turns: 3810, Time: 00:15:42

Health: -2/41      AC:  4    Str: 13    XL:     5   Next: 80%
Magic:  7/14       EV: 12    Int: 18    God:
Gold:   51         SH:  4    Dex: 19    Spells: 5/12 levels left

rFire   . . .      SeeInvis .   f - +0 hand axe (elec)
rCold   . . .      Faith    .   c - +0 buckler
rNeg    . . .      Spirit   .   d - +0 robe
rPois   .          Reflect  .   (no helmet)
rElec   .          Harm     .   r - +0 cloak
rCorr   .          Rampage  .   (no gloves)
Will    .....                   n - +0 pair of boots
Stlth   ++........              (no amulet)
HPRegen 0.13/turn               (no ring)
MPRegen 0.14/turn               (no ring)

@: mighty, very slightly contaminated
A: high MP 1, forlorn, divine attributes
a: no special abilities


You were on level 3 of the Dungeon.
You visited 1 branch of the dungeon, and saw 3 of its levels.

You collected 51 gold pieces.

Inventory:

Hand Weapons
 f - a +0 hand axe of electrocution (weapon)
 q - a +2 quarterstaff of chaos
Armour
 c - a +0 buckler (worn)
 d - a +0 robe (worn)
 n - a +0 pair of boots (worn)
 r - a +0 cloak (worn)
Scrolls
 a - a scroll of teleportation {unknown}
 b - a scroll of blinking {unknown}
 k - 2 scrolls of identify {unknown}
 m - a scroll of enchant weapon {unknown}
 o - a scroll of noise {unknown}
Potions
 e - a potion of degeneration {unknown}
 i - a potion of mutation {unknown}
 j - a potion of cancellation {unknown}
 l - 3 potions of curing {unknown}
 p - a potion of haste {unknown}


   Skills:
 + Level 2.2 Fighting
 + Level 1.2 Armour
 + Level 1.8 Dodging
 - Level 1.0 Shields
 - Level 4.1 Spellcasting
 - Level 1.6 Conjurations
 + Level 1.2 Summonings
 - Level 1.0 Translocations
 - Level 1.0 Fire Magic
 - Level 1.1 Ice Magic
 - Level 1.0 Air Magic
 - Level 2.3 Evocations


You had 5 spell levels left.
You knew the following spells:

 Your Spells              Type           Power      Damage    Failure   Level
a - Magic Dart            Conj           36%        1d4       10%         1
b - Blink                 Tloc           14%        N/A       21%         2
c - Passwall              Tmut/Erth      2%         N/A       30%         2
d - Call Imp              Summ           8%         N/A       19%         2

Your spell library contained the following spells:

 Spells                   Type           Power      Damage    Failure   Level
 Slow                     Hex            12%        N/A       21%         1
 Wereblood                Tmut           3%         N/A       30%         2
 Conjure Flame            Conj/Fire      8%         6-21      34%         3
 Mephitic Cloud           Conj/Pois/Air  6%         N/A       38%         3


Dungeon Overview and Level Annotations

Branches:
Dungeon (3/15)

Shops:
D:2 :   D:3 =


Innate Abilities, Weirdness & Mutations

You have an increased reservoir of magic. (+10% MP)
You shall have no god before yourself.
Your divine heritage dramatically boosts your attributes as you level up.


Message History

The water moccasin poisons you!
The gnoll hits your shadow imp with a +0 whip.
Your shadow imp hits the gnoll.
The gnoll dies!
Something hits your shadow imp.
Your shadow imp dies!
Your shadow imp disappears in a puff of smoke!
You block the water moccasin's attack.
You barely miss the water moccasin.
The water moccasin is moderately wounded.
You feel very sick. The water moccasin closely misses you.
The water moccasin barely misses you.
You hit the water moccasin.
The water moccasin is heavily wounded.
You feel very sick. The water moccasin bites you. The gnoll barely misses you.
Casting: Call Imp (dangerous; 26% risk of failure)
Confirm with . or Enter, or press ? or * to list all spells.
You miscast Call Imp.
You are very lightly contaminated with residual magic.
Nothing appears to happen.
You feel sick. You block the water moccasin's attack.
The gnoll hits you from afar with a +0 halberd.
* * * LOW HITPOINT WARNING * * *
The water moccasin completely misses you.
Unknown command.
You slash the water moccasin!
Lightning courses through the water moccasin!
You kill the water moccasin!
You feel sick. The gnoll barely misses you.
Your Fighting skill increases to level 2!
Your Armour skill increases to level 1!
Your Summonings skill increases to level 1!
You feel sick.
You feel sick.
You feel sick.
You feel sick.
You are no longer poisoned.
The gnoll hits you from afar with a +0 halberd!
You die...

###.########.#####.
#....)...[.......'.
#...##.....#.#####.
#...##.....#.#
#.g.##.....#.#
#.g.########+#####+
#.g.# #............
#...###.........>..
#.@.#.'∩...........
#...#.#............
#...#.#............
#.....#............
###.#.#......†....<
#...+.......†....
#.#.#............
#.###............
#................


You could see 3 gnolls.

Vanquished Creatures
  A water moccasin (D:3)
  A jelly (D:3)
  Crazy Yiuf (D:2)
  Natasha (twice) (D:2)
  An adder (D:2)
  3 ball pythons
  3 bats
  A giant cockroach (D:1)
  6 goblins
  5 hobgoblins
  12 jackals
  5 frilled lizards
  7 kobolds
  7 rats
55 creatures vanquished.

Vanquished Creatures (collateral kills)
  A gnoll (D:3)
1 creature vanquished.

Vanquished Creatures (others)
  5 demonic plants (D:2)
  6 fungi (D:2)
  A plant (D:2)
  A withered plant (D:2)
13 creatures vanquished.

Grand Total: 69 creatures vanquished

Notes
Turn   | Place    | Note
-------+----------+-------------------------------------------
     0 | D:1      | FredericMitz the Demigod Wanderer began the quest for the
                  | Orb.
     0 | D:1      | FredericMitz set off with the following items: a +0 dagger,
                  | a +0 buckler, a +0 robe; and the following spell memorised:
                  | Magic Dart; and the following spells available to memorise:
                  | Blink, Call Imp, Passwall, Slow, Wereblood, Conjure Flame,
                  | Mephitic Cloud
     0 | D:1      | Reached XP level 1. HP: 14/14 MP: 7/7
   475 | D:1      | Upgraded the game from 0.26-a0-852-g6321bf7 to
                  | 0.29-a0-96-g93358da
   772 | D:1      | Reached XP level 2. HP: 8/20 MP: 6/9
   779 | D:1      | HP: 1/20 [goblin (1)]
  1312 | D:1      | Learned a level 2 spell: Blink
  1647 | D:1      | Reached XP level 3. HP: 22/27 MP: 11/11
  1771 | D:1      | Learned a level 2 spell: Passwall
  1925 | D:2      | Reached skill level 1 in Conjurations
  2019 | D:2      | Found a runed translucent door.
  2020 | D:2      | Noticed Crazy Yiuf
  2482 | D:2      | Found Yghyalli's Book Emporium.
  2605 | D:2      | Reached skill level 1 in Fighting
  2666 | D:2      | Noticed Natasha
  2671 | D:2      | Killed Natasha
  2672 | D:2      | Reached skill level 4 in Spellcasting
  2771 | D:2      | Reached XP level 4. HP: 35/35 MP: 10/13
  2952 | D:2      | Noticed Natasha
  2976 | D:2      | Killed Natasha
  3286 | D:2      | Learned a level 2 spell: Call Imp
  3318 | D:2      | Killed Crazy Yiuf
  3319 | D:2      | Reached skill level 1 in Dodging
  3659 | D:3      | Found Hisebuyc's Jewellery Shoppe.
  3689 | D:3      | Reached XP level 5. HP: 33/41 MP: 14/14
  3776 | D:3      | Noticed a water moccasin
  3804 | D:3      | Killed a water moccasin
  3805 | D:3      | Reached skill level 1 in Armour
  3805 | D:3      | Reached skill level 1 in Summonings
  3810 | D:3      | Slain by a gnoll

Illustrated notes

Levels and vault maps discovered:
D:1:      psy_arrival_statuary, layout_basic
D:2:      layout_loops_ring, shapermc_ecumenical_altar_gd, serial_shops,
          nicolae_shop_stone, minmay_unequal, uniq_crazy_yiuf_cottage,
          uniq_natasha
D:3:      layout_basic, nicolae_qazlal_scattered_showers, serial_shops, shop

Skill      XL: |  1  2  3  4  5 |
---------------+----------------+-----
Conjurations   | 1 |  1.6
Fighting       | 1 2 |  2.2
Spellcasting   | 4 |  4.1
Evocations     | 2 |  2.3
Dodging        | 1 |  1.8
Armour         | 1 |  1.2
Summonings     | 1 |  1.2
Shields        | |  1.0
Translocations | |  1.0
Fire Magic     | |  1.0
Ice Magic      | |  1.1
Air Magic      | |  1.0

Action                   |  1- 3 |  4- 6 || total
-------------------------+-------+-------++-------
Melee: Dagger            |    23 |       ||    23
       Hand axe          |    54 |    24 ||    78
 Cast: Magic Dart        |    81 |    12 ||    93
       Call Imp          |       |     7 ||     7
  Use: Potion            |       |     3 ||     3
 Stab: Sleeping          |     3 |     1 ||     4
Armor: Robe              |    28 |     4 ||    32
Dodge: Dodged            |    68 |    19 ||    87
Block: Buckler           |    26 |     7 ||    33

Table legend: (Time is in decaauts)
 A = Elapsed time spent in this place.
 B = Non-inter-level travel time spent in this place.
 C = Inter-level travel time spent in this place.
 D = Time resting spent in this place.
 E = Time spent auto-exploring this place.
 F = Levels seen in this place.
 G = Mean time per level.
                   A        B        C        D        E       F      G
               +--------+--------+--------+--------+--------+-----+--------+
         Total |   3865 |   3791 |     74 |   1569 |   1698 |   3 | 1288.3 |
       Dungeon |   3865 |   3791 |     74 |   1569 |   1698 |   3 | 1288.3 |
               +--------+--------+--------+--------+--------+-----+--------+

Top non-repeatable levels by time:
     D:2: 1922 daAuts
     D:1: 1785 daAuts
     D:3: 158 daAuts
